 Dungeon Crawl Stone Soup version 0.21.1-68-g103a7afc0a (webtiles) character file.

508 SacredBeard the Cudgeler (level 7, 0/55 HPs)
             Began as a Human Berserker on Aug 3, 2018.
             Was a Priest of Trog.
             Slain by a wight
             ... wielding a +1 mace of freezing
              (3 damage)
             ... on level 4 of the Dungeon.
             The game lasted 00:15:25 (2881 turns).

SacredBeard the Cudgeler (Human Berserker)          Turns: 2881, Time: 00:15:25

Health: 0/55       AC: 11    Str: 18    XL:     7   Next: 42%
Magic:  7/7        EV:  8    Int:  7    God:    Trog [***...]
Gold:   221        SH: 11    Dex: 14    Spells: 6/6 levels left

rFire    . . .     SeeInvis .   g - +2 mace (protect)
rCold    . . .     Gourm    .   h - +0 large shield (curse)
rNeg     . . .     Faith    .   p - +0 leather armour (curse)
rPois    .         Spirit   .   b - +0 helmet
rElec    .         Reflect  .   (no cloak)
rCorr    .         Harm     .   (no gloves)
MR       .....                  (no boots)
Stlth    +.........             q - amulet of magic regeneration (curse)
HPRegen  0.18/turn              (no ring)
MPRegen  0.35/turn              (no ring)

@: protection aura, berserk cooldown, slowed, heavily drained, very slow
A: no striking features
a: Berserk, Trog's Hand, Burn Spellbooks, Renounce Religion


You were on level 4 of the Dungeon.
You worshipped Trog.
Trog was most pleased with you.
You were not hungry.

You visited 1 branch of the dungeon, and saw 5 of its levels.

You collected 221 gold pieces.

Inventory:

Hand Weapons
 g - a +2 mace of protection (weapon)
Armour
 b - a +0 helmet (worn)
 h - a cursed +0 large shield (worn)
 p - a cursed +0 leather armour (worn)
 v - a +0 scale mail
 x - a +2 ring mail of cold resistance
Jewellery
 q - a cursed amulet of magic regeneration (around neck)
 s - a +3 amulet of reflection {unknown}
Wands
 y - a wand of iceblast (14)
Scrolls
 a - 3 scrolls of identify
 d - a scroll of teleportation
 k - 2 scrolls of enchant weapon
 o - a scroll of blinking
Potions
 e - a potion of agility
 f - a potion of magic
 i - a potion of resistance
 j - a potion of mutation
 l - 3 potions of might
 n - a potion of curing {unknown}
 r - 2 potions of brilliance {unknown}
 t - 2 potions of lignification {unknown}
 w - a potion of berserk rage {unknown}
Comestibles
 c - 14 rations
 u - a chunk of flesh


   Skills:
 * Level 4.5(3.2) Fighting
 + Level 5.1(3.8) Maces & Flails
 + Level 3.0(1.7) Armour
 * Level 4.3(3.1) Dodging
 * Level 1.2(0.0) Shields


You had 6 spell levels left.
You didn't know any spells.

Dungeon Overview and Level Annotations

Branches:
Dungeon (5/15)             Temple (0/1) D:5

Altars:
Hepliaklqana


Message History

Trog's vigour flows through your veins.
You are exhausted.
You feel yourself slow down.
You hit the wight but do no damage.
The wight is moderately damaged.
You block the wight's attack. x3
You hit the wight but do no damage.
The wight is moderately damaged.
The wight hits you but does no damage. You block the wight's attack.
The wight hits you but does no damage. x2
Unknown command.
Your shield prevents you from hitting the wight.
The wight is moderately damaged.
You block the wight's attack. The wight completely misses you.
The wight hits you with a mace of freezing!
* * * LOW HITPOINT WARNING * * *
You feel drained.
* * * LOW HITPOINT WARNING * * *
The wight freezes you.
You die...

##.#.........# #..........# #.#
##.#.######### #..........# #..
#....# #..........# #.. #...##
######..........####.. ....#
######...............#.....
....###......####.....<....#.##..
#.......###### ##.......)....##..
#...##### #...........####.#
#...# ##@z....)....# #.# #...#
###.z.....#########.# #...#
##.......#.# #...# #####
#........#.# #.###
#########........#.# ##.#
#................#.# ##..#
####................#.# #..##
..(#.........########.# #.##
##..........## #.# #.#


You could see 2 wights.

Vanquished Creatures
  A phantom (D:4)
  A wight (D:5)
  2 howler monkeys (D:4)
  A hound (D:4)
  A gnoll shaman (D:5)
  Crazy Yiuf (D:3)
  Jessica (D:2)
  2 iguanas (D:4)
  A hound zombie (D:5)
  4 adders
  An ooze (D:2)
  4 worms
  5 orcs (D:4)
  A ball python (D:1)
  6 giant cockroaches
  6 goblins
  3 hobgoblins
  6 jackals
  3 quokkas
  9 bats
  5 frilled lizards
  A jackal skeleton (D:5)
  3 kobolds
  A leopard gecko skeleton (D:4)
  A quokka skeleton (D:3)
  9 rats
79 creatures vanquished.

Notes
Turn   | Place    | Note
-------+----------+-------------------------------------------
     0 | D:1      | SacredBeard the Human Berserker began the quest for the Orb.
     0 | D:1      | Reached XP level 1. HP: 18/18 MP: 1/1
   270 | D:1      | Reached XP level 2. HP: 24/24 MP: 2/2
   540 | D:1      | Reached XP level 3. HP: 24/29 MP: 3/3
   909 | D:2      | Noticed Jessica
   915 | D:2      | Killed Jessica
   918 | D:2      | Reached XP level 4. HP: 35/35 MP: 4/4
   963 | D:2      | Reached ** piety under Trog
  1419 | D:2      | Reached XP level 5. HP: 41/42 MP: 5/5
  1695 | D:3      | Reached skill level 4 in Maces & Flails
  1865 | D:3      | Found a runed door.
  1869 | D:3      | Noticed Crazy Yiuf
  1874 | D:3      | Killed Crazy Yiuf
  2193 | D:4      | Noticed a phantom
  2211 | D:4      | Reached XP level 6. HP: 36/48 MP: 6/6
  2226 | D:4      | Killed a phantom
  2467 | D:4      | Found a hazy altar of Hepliaklqana.
  2485 | D:4      | Reached *** piety under Trog
  2485 | D:4      | Reached XP level 7. HP: 47/55 MP: 7/7
  2716 | D:5      | Entered Level 5 of the Dungeon
  2809 | D:5      | Found a staircase to the Ecumenical Temple.
  2848 | D:5      | Reached skill level 5 in Maces & Flails
  2869 | D:5      | Reached skill level 1 in Shields
  2881 | D:4      | Slain by a wight

Skill      XL: |  1  2  3  4  5  6  7 |
---------------+----------------------+-----
Dodging        | 3 4 |  4.3
Maces & Flails | 4 5 |  5.1
Fighting       | 4 |  4.5
Armour         | 3 |  3.0
Shields        | 1 |  1.2

Action                   |  1- 3 |  4- 6 |  7- 9 || total
-------------------------+-------+-------+-------++-------
Melee: Mace              |    81 |   176 |    31 ||   288
Invok: Berserk           |       |     1 |     1 ||     2
  Use: Scroll            |     3 |     1 |     7 ||    11
  Eat: Chunk             |       |     6 |     2 ||     8
Armor: Animal skin       |     9 |       |       ||     9
       Leather armour    |    26 |    45 |    11 ||    82
       Ring mail         |       |    20 |       ||    20
Dodge: Dodged            |    86 |   108 |    18 ||   212
Block: Large shield      |       |    17 |    28 ||    45
